 Dungeon Crawl Stone Soup version 0.28.0 (webtiles) character file.

Game seed: 16622845416735998500

0 multipassport the Skirmisher (level 1, -3/18 HPs)
             Began as a Mummy Abyssal Knight on Feb 12, 2022.
             Was a Follower of Lugonu.
             Killed from afar by a wretched star (21 damage)
             ... with a lance of force
             ... on level 1 of the Abyss.
             The game lasted 00:00:26 (4 turns).

multipassport the Skirmisher (Mummy Abyssal Knight)    Turns: 4, Time: 00:00:26

Health: -3/18      AC:  3    Str: 16    XL:     1   Next: 0%
Magic:  2/2        EV: 11    Int:  9    God:    Lugonu [*.....]
Gold:   0          SH:  0    Dex: 12    Spells: 0/0 levels left

rFire   x . .      SeeInvis .   a - +1 spear
rCold   + . .      Faith    .   (no shield)
rNeg    + + +      Spirit   .   b - +0 leather armour
rPois   ∞          Reflect  .   (no helmet)
rElec   .          Harm     .   (no cloak)
rCorr   .          Rampage  .   (no gloves)
Will    .....                   (no boots)
Stlth   +.........              (no amulet)
HPRegen 0.06/turn               (no ring)
MPRegen 0.08/turn               (no ring)

@: no status effects
A: cold resistance 1, negative energy resistance 3, torment resistance 2, heat
vulnerability 1, no potions
a: Renounce Religion, Depart the Abyss


You were on level 1 of the Abyss.
You worshipped Lugonu.
Lugonu was aware of your devotion.
You visited 0 branches of the dungeon, and saw 0 of its levels.
You visited the Abyss 1 time.

Inventory:

Hand Weapons
 a - a +1 spear (weapon)
Armour
 b - a +0 leather armour (worn)
Jewellery
 c - the ring "Fecuapn" {rN+ rCorr Int+2}
   (You found it on level 1 of the Abyss)

   [ring of resist corrosion]

   Int:       It affects your intelligence (+2).
   rN:        It protects you from negative energy.
   rCorr:     It protects you from acid and corrosion.
Scrolls
 d - a scroll of vulnerability {unknown}


   Skills:
 + Level 3.0 Fighting
 + Level 1.5 Polearms
 + Level 1.5 Armour
 + Level 0.7 Dodging
 + Level 1.5 Invocations


You couldn't memorise any spells.
You didn't know any spells.
Your spell library was empty.

Dungeon Overview and Level Annotations

Branches:
Dungeon (0/15)

Altars:


Innate Abilities, Weirdness & Mutations

You are immune to poison.
Your flesh is cold resistant. (rC+)
You are immune to negative energy. (rN+++)
You are immune to unholy pain and torment.
You are vulnerable to heat. (rF-)
You do not drink.


Message History

Welcome, multipassport the Mummy Abyssal Knight.
Are you destined to find the fabled Orb of Zot, or to die trying?
Lugonu says: Depart the Abyss and spread corruption, my servant! (use the ability menu to exit the Abyss) Press ? for a list of commands and other information.
Found three items.
Found a corrupted altar of Lugonu.
A wretched star and a blink frog come into view.
A lurking horror comes into view.
Found a dark potion.
There is a corrupted altar of Lugonu here.
You see here the ring "Fecuapn" {rN+ rCorr Int+2}.
c - the ring "Fecuapn" {rN+ rCorr Int+2}
Found a corrupted altar of Lugonu.
A tentacled monstrosity, a chaos spawn and a wretched star come into view.
Press: ? - help, v - describe, . - travel A transporter landing site.
A dream sheep and an apocalypse crab come into view.
The dream sheep bleats!
The chaos spawn roars deafeningly!
The blink frog gives a loud, deep croak!
The dream sheep changes into a salamander!
You feel a surge of unholy energy.
The salamander convulses!
You see here a scroll labelled OSCHAKO MEUROUSIOXA.
d - a scroll labelled OSCHAKO MEUROUSIOXA The wretched star glows turbulently.
The lance of force hits you!!
Ouch! That really hurt!
You die...

N... .....
.._..
...X.#
§*.F...#
..###4.. ##
.##©##*.#.#
#.. ##.@?#
##...##!.##
#.....##_#
...#...##
.##....#
#.#.... #.
#...♣ #...#
#...#


You could see a tentacled monstrosity, 2 wretched stars, a salamander shaped
shifter, a blink frog and a chaos spawn.

Vanquished Creatures (others)
  A lurking horror (Abyss:1)
1 creature vanquished.

Notes
Turn   | Place    | Note
-------+----------+-------------------------------------------
     0 | Abyss:1  | multipassport the Mummy Abyssal Knight began the quest for
                  | the Orb.
     0 | Abyss:1  | Reached XP level 1. HP: 18/18 MP: 2/2
     0 | Abyss:1  | Noticed a wretched star
     0 | Abyss:1  | Noticed a blink frog
     1 | Abyss:1  | Identified the ring "Fecuapn" {rN+ rCorr Int+2}
     2 | Abyss:1  | Found a corrupted altar of Lugonu.
     3 | Abyss:1  | Noticed a tentacled monstrosity
     3 | Abyss:1  | Noticed a chaos spawn
     3 | Abyss:1  | Noticed a wretched star
     3 | Abyss:1  | Noticed a dream sheep
     3 | Abyss:1  | Noticed an apocalypse crab
     3 | Abyss:1  | Noticed a salamander
     3 | Abyss:1  | a dream sheep changed into a salamander
     4 | Abyss:1  | Killed from afar by a wretched star

Illustrated notes

Levels and vault maps discovered:
Abyss:1:  base: Temple, base:
Temple
